 Dungeon Crawl Stone Soup version 0.30-a0-170-g85af917532 (webtiles) character file.

Game seed: 17834864326346641882

4266 qw the Cleaver (level 10, -15/64 HPs)
             Began as a Gargoyle Fighter on Sept 30, 2022.
             Was a Believer of Okawaru.
             Demolished by Harold
             ... wielding a +0 short sword
              (20 damage)
             ... on level 9 of the Dungeon.
             The game lasted 00:03:08 (6701 turns).

qw the Cleaver (Gargoyle Fighter)                   Turns: 6701, Time: 00:03:08

Health: -15/64     AC:  0    Str: 23    XL:     10   Next: 31%
Magic:  12/13      EV: 26    Int:  8    God:    Okawaru [**....]
Gold:   974        SH:  0    Dex: 20    Spells: 9/9 levels left

rFire   . . .      SeeInvis .      - Unarmed
rCold   . . .      Faith    .    (shield currently unavailable)
rNeg    + . .      Spirit   .    (body armour currently unavailable)
rPois   inf        Reflect  .    (helmet currently unavailable)
rElec   .          Harm     .    (cloak currently unavailable)
rCorr   .          Rampage  .    (gloves currently unavailable)
Will    .....                    (boots currently unavailable)
Stlth   ++++......               j - amulet of regeneration
HPRegen 1.00/turn                (ring currently unavailable)
MPRegen 0.13/turn                (ring currently unavailable)

@: bat-form, heroic, marked, flying, unable to read, very quick
A: fast, flying, no casting, sickness immunity, AC +7, tiny, negative energy
resistance 1, (electricity resistance), torment resistance 1, petrification
resistance, (talons 1), (iridescent scales 1), thin skeletal structure 1, agile
1, (deformed body), inability to read after injury 1
a: Renounce Religion, Heroism


You were on level 9 of the Dungeon.
You worshipped Okawaru.
Okawaru was pleased with you.
You were a bat.
You visited 2 branches of the dungeon, and saw 10 of its levels.

You collected 1007 gold pieces.
You spent 33 gold pieces at shops.


Innate Abilities, Weirdness & Mutations

You are a bat.
You are tiny and dextrous.
You move quickly.
You are flying.
Your equipment is almost entirely melded.
You are incapable of wielding weapons or throwing items.
You cannot cast spells.
You are immune to sickness and miasma.
((Your stone body is resilient. (AC +7)))
You are immune to poison.
You resist negative energy. (rN+)
((You are resistant to electric shocks. (rElec)))
You are resistant to unholy torment.
You are immune to petrification.
((You have sharp toenails.))
((You are partially covered in iridescent scales. (AC +2)))
You have a somewhat thin skeletal structure. (Dex +2, Stealth+)
You are agile. (Dex +4, Str/Int -1)
((Armour fits poorly on your strangely shaped body.))
You occasionally lose the ability to read scrolls when taking damage.


   Skills:
 - Level 8.1(13.1) Fighting
 - Level 10.0(15.0) Axes
 - Level 1.3(6.3) Throwing
 - Level 5.0(10.0) Armour
 - Level 3.2(8.2) Dodging
 + Level 4.4(9.4) Shields
 - Level 4.1 Invocations


You had 9 spell levels left.
You didn't know any spells.
Your spell library was empty.

Inventory:

Hand Weapons
 l - a +1 war axe of flaming
 Y - a +3 war axe of freezing (melded)
Missiles
 r - 2 boomerangs (quivered)
Armour
 a - a +0 cloak (melded)
 c - a +0 buckler (melded)
 e - a +0 chain mail (melded)
 o - a +0 pair of gloves (melded)
 p - a +0 plate armour
 q - a +0 ring mail of fire resistance
 s - a +0 scale mail of cold resistance
Jewellery
 j - an amulet of regeneration (around neck)
 n - a +6 ring of dexterity (melded)
Scrolls
 g - 7 scrolls of identify
Potions
 b - 3 potions of resistance
 d - 2 potions of might
 f - 2 potions of haste
 h - a potion of attraction
 i - a potion of lignification
 m - 2 potions of curing
 t - 2 potions of magic

Dungeon Overview and Level Annotations

Branches:
Dungeon (9/15)             Temple (1/1) D:5
   Lair: D:8-11         Orc: D:9-12

Altars:
Ashenzari
Cheibriados
Dithmenos
Elyvilon
Fedhas
Gozag
Hepliaklqana
Makhleb
Nemelex Xobeh
Okawaru
Qazlal
Ru
Trog
Uskayaw
Wu Jian
Xom
Yredelemnul
Zin
The Shining One

Shops:
D:1 (

Annotations:
D:9 Harold


Message History

Harold closely misses you. The yak completely misses you.
You completely miss Harold.
Harold is heavily wounded.
The yak gores you!! Harold barely misses you.
You hit Harold but do no damage.
Harold is heavily wounded.
The yak gores you. Harold misses you.
You hit Harold but do no damage.
Harold is heavily wounded.
You barely miss Harold.
Harold is heavily wounded.
The gnoll completely misses you. Harold closely misses you.
You hit Harold but do no damage.
Harold is heavily wounded.
Harold misses you. The gnoll misses you. The yak completely misses you.
The yak closely misses you.
You hit Harold but do no damage.
Harold is heavily wounded.
Harold barely misses you. The gnoll completely misses you.
The yak barely misses you. x2
You hit Harold.
Harold is heavily wounded.
The gnoll hits you with a +0 whip! The yak misses you. The yak gores you!
Harold barely misses you.
You hit Harold.
Harold is severely wounded.
The gnoll barely misses you. The yak barely misses you.
The yak closely misses you.
Harold yells, "I don't have all day!"
Harold closely misses you.
You completely miss Harold.
Harold is severely wounded.
You hit Harold but do no damage.
Harold is severely wounded.
Harold completely misses you. The gnoll barely misses you.
The yak closely misses you. The yak completely misses you.
You hit Harold but do no damage.
Harold is severely wounded.
Harold hits you with a +0 short sword!!
You die...

##...# #...#
.....####...#####...####
........................
.......................
.......###..#####.....
###.... #..# ...#
###....###..# Y..#
............#####@..#
................bYY.#
................Yg..#
>.)............(....#
################..(.#
#....# #....#
################....#
....................#####
................)).......


You could see Harold, 4 yaks and a gnoll.

Vanquished Creatures
  An unseen horror (D:7)
  Grinder (D:5)
  Eustachio (D:6)
  2 wyverns
  A wraith (D:5)
  3 black bears
  3 orc warriors
  2 ice beasts
  A sky beast (D:6)
  Pargi (D:3)
  A centaur (D:9)
  Blork the orc (D:6)
  A necrophage (D:4)
  A bullfrog (D:6)
  3 scorpions
  3 wights (D:6)
  7 killer bees
  3 hounds
  7 orc priests
  2 jellies
  4 gnoll boudas
  8 iguanas
  8 orc wizards
  11 adders
  26 gnolls
  3 ufetubi (D:5)
  4 worms
  2 dart slugs
  33 orcs
  7 endoplasms
  7 giant cockroaches
  6 goblins
  5 hobgoblins
  4 jackals (D:1)
  8 quokkas
  9 ball pythons
  4 bats
  A frilled lizard (D:1)
  4 kobolds
  9 rats
208 creatures vanquished.

Vanquished Creatures (others)
  6 fungi (D:6)
  A plant (D:3)
  4 toadstools (D:6)
11 creatures vanquished.

Grand Total: 219 creatures vanquished

Notes
Turn   | Place    | Note
-------+----------+-------------------------------------------
     0 | D:1      | qw the Gargoyle Fighter began the quest for the Orb.
     0 | D:1      | Reached XP level 1. HP: 14/14 MP: 1/1
     0 | D:1      | 0 ||| qw: Version: 0.2-a-12-gaebbb33
     0 | D:1      | 0 ||| qw: Game counter: 1628
     0 | D:1      | 0 ||| qw: Always use a shield: true
     0 | D:1      | 0 ||| qw: God list: Okawaru
     0 | D:1      | 0 ||| qw: Allow faded altars: false
     0 | D:1      | 0 ||| qw: Do Orc after D:15 true
     0 | D:1      | 0 ||| qw: Do second Lair branch before Depths: true
     0 | D:1      | 0 ||| qw: Lair rune preference: random
     0 | D:1      | 0 ||| qw: Plans: Normal, Zot:1-4, God:TSO, Crypt, Tomb,
                  | Pan, Slime:5, Hells, Abyss, Orb
     0 | D:1      | 0 ||| PLANNING D:1-11
    46 | D:1      | Reached skill level 2 in Axes
   112 | D:1      | 112 ||| Stepping ~*~*~tactically~*~*~ (stealth).
   113 | D:1      | 113 ||| Stepping ~*~*~tactically~*~*~ (stealth).
   123 | D:1      | Reached XP level 2. HP: 16/19 MP: 2/2
   421 | D:1      | Reached skill level 3 in Axes
   427 | D:1      | Found Qeguneef's Weapon Shoppe.
   442 | D:1      | 442 ||| BUYING +0 mace (33 gold).
   442 | D:1      | Bought a +0 mace for 33 gold pieces
   442 | D:1      | 442 ||| DROPPING +0 club.
   465 | D:1      | Reached XP level 3. HP: 23/23 MP: 3/3
   691 | D:1      | 691 ||| UPGRADING to +0 chain mail.
   701 | D:1      | 701 ||| DROPPING +0 scale mail.
   702 | D:1      | 702 ||| UPGRADING to amulet of regeneration.
   707 | D:1      | 707 ||| READING 2 scrolls labelled VUDAMP UMAETWO.
   708 | D:1      | 708 ||| READING 2 scrolls labelled YSOADGHODURR.
   709 | D:1      | 709 ||| READING scroll labelled DAOTHE ROTIETT.
   709 | D:1      | Identified a scroll of acquirement
   709 | D:1      | 709 ||| ACQUIRING 317 gold pieces
   709 | D:1      | Acquired 317 gold pieces
   711 | D:1      | 711 ||| READING scroll labelled WEUMOM XEMEOZOEN.
   712 | D:1      | 712 ||| READING scroll labelled ISURAO ZUTALAE.
   713 | D:1      | 713 ||| READING scroll labelled XOLASKUUWA.
   714 | D:1      | 714 ||| READING scroll labelled UCRUNI ULEG.
   715 | D:1      | 715 ||| READING scroll labelled LUALIPRULL.
   716 | D:1      | 716 ||| DRINKING 2 golden potions.
   716 | D:1      | Gained mutation: You do not regenerate when monsters are
                  | visible. [potion of mutation]
   716 | D:1      | Gained mutation: You are strong-willed. (Will+) [potion of
                  | mutation]
   716 | D:1      | Gained mutation: Your mind is acute. (Int +4, Str/Dex -1)
                  | [potion of mutation]
   717 | D:1      | 717 ||| DRINKING potion of mutation.
   717 | D:1      | Lost mutation: You are strong-willed. (Will+) [potion of
                  | mutation]
   717 | D:1      | Lost mutation: You do not regenerate when monsters are
                  | visible. [potion of mutation]
   717 | D:1      | Lost mutation: Your mind is acute. (Int +4, Str/Dex -1)
                  | [potion of mutation]
   717 | D:1      | Gained mutation: You have sharp toenails. [potion of
                  | mutation]
   717 | D:1      | Gained mutation: You have a pair of small horns on your
                  | head. [potion of mutation]
   717 | D:1      | Gained mutation: You occasionally lose the ability to read
                  | scrolls when taking damage. [potion of mutation]
   718 | D:1      | 718 ||| DRINKING 2 bubbling purple potions.
   719 | D:1      | 719 ||| DROPPING scroll of noise.
   835 | D:2      | 835 ||| DRINKING potion of mutation.
   835 | D:2      | Lost mutation: You have sharp toenails. [potion of
                  | mutation]
   835 | D:2      | Lost mutation: You occasionally lose the ability to read
                  | scrolls when taking damage. [potion of mutation]
   835 | D:2      | Lost mutation: You have a pair of small horns on your head.
                  | [potion of mutation]
   835 | D:2      | Gained mutation: You have hidden genetic potential. [potion
                  | of mutation]
   835 | D:2      | Gained mutation: You occasionally lose the ability to read
                  | scrolls when taking damage. [potion of mutation]
   835 | D:2      | Gained mutation: You have a somewhat thin skeletal
                  | structure. (Dex +2, Stealth+) [potion of mutation]
   835 | D:2      | Gained mutation: You expend magic power (3 MP) to
                  | strengthen your wands. [potion of mutation]
  1011 | D:2      | Reached XP level 4. HP: 28/28 MP: 4/4
  1321 | D:2      | Reached skill level 4 in Axes
  1341 | D:2      | 1341 ||| UPGRADING to +0 pair of gloves.
  1346 | D:2      | 1346 ||| READING scroll labelled PIVYAXARPHA.
  1347 | D:2      | 1347 ||| READING scroll labelled YDAOFF RIGHOZEUD.
  1348 | D:2      | 1348 ||| READING 2 scrolls of identify.
  1348 | D:2      | 1348 ||| IDENTIFYING fizzy purple potion
  1349 | D:2      | 1349 ||| DROPPING potion of invisibility.
  1423 | D:3      | 1423 ||| Stepping ~*~*~tactically~*~*~ (stealth).
  1453 | D:3      | Noticed Pargi
  1463 | D:3      | Killed Pargi
  1464 | D:3      | Reached skill level 5 in Axes
  1464 | D:3      | Reached XP level 5. HP: 30/32 MP: 5/5
  1473 | D:3      | Gained mutation: You have sharp toenails. [hidden
                  | potential]
  1698 | D:3      | 1698 ||| DROPPING +0 mace.
  1839 | D:3      | Found a faded altar of an unknown god.
  1949 | D:3      | 1949 ||| Stepping ~*~*~tactically~*~*~ (stealth).
  1951 | D:3      | 1951 ||| Stepping ~*~*~tactically~*~*~ (hiding).
  1952 | D:3      | 1952 ||| Stepping ~*~*~tactically~*~*~ (hiding).
  1953 | D:3      | 1953 ||| Stepping ~*~*~tactically~*~*~ (hiding).
  1964 | D:3      | 1964 ||| FLEEEEING.
  1965 | D:3      | 1965 ||| FLEEEEING.
  1966 | D:3      | 1966 ||| Stepping ~*~*~tactically~*~*~ (hiding).
  2039 | D:3      | 2039 ||| Stepping ~*~*~tactically~*~*~ (stealth).
  2051 | D:3      | Reached XP level 6. HP: 38/38 MP: 6/6
  2111 | D:3      | 2111 ||| UPGRADING to +0 cloak.
  2116 | D:3      | 2116 ||| READING 2 scrolls labelled XUPELAFOITZ.
  2120 | D:3      | 2120 ||| DRINKING 2 orange potions.
  2121 | D:3      | 2121 ||| DRINKING 2 black potions.
  2122 | D:3      | 2122 ||| READING 2 scrolls of identify.
  2122 | D:3      | 2122 ||| IDENTIFYING silvery potion
  2123 | D:3      | 2123 ||| DROPPING potion of flight.
  2124 | D:3      | 2124 ||| DROPPING potion of degeneration.
  2155 | D:4      | Noticed a black bear
  2156 | D:4      | 2156 ||| STAIRDANCE
  2161 | D:3      | Killed a black bear
  2183 | D:4      | Gained mutation: You have razor-sharp toenails. [hidden
                  | potential]
  2183 | D:4      | Lost mutation: You have hidden genetic potential. [hidden
                  | potential expressed]
  2209 | D:4      | Reached skill level 6 in Axes
  2373 | D:4      | Reached XP level 7. HP: 43/43 MP: 7/7
  2508 | D:4      | Reached skill level 1 in Dodging
  2549 | D:4      | 2549 ||| Stepping ~*~*~tactically~*~*~ (stealth).
  2554 | D:4      | 2554 ||| Stepping ~*~*~tactically~*~*~ (stealth).
  2590 | D:4      | Found an ornate altar of the Wu Jian Council.
  2607 | D:4      | 2607 ||| READING scroll of enchant weapon.
  2607 | D:4      | 2607 ||| ENCHANTING +1 vorpal war axe.
  2616 | D:4      | 2616 ||| Stepping ~*~*~tactically~*~*~ (stealth).
  2668 | D:4      | Found a shadowy altar of Dithmenos.
  2687 | D:4      | Found a glowing golden altar of the Shining One.
  3021 | D:4      | 3021 ||| READING 2 scrolls labelled XEOSTRY VYPYPI.
  3122 | D:4      | 3122 ||| DRINKING 2 purple potions.
  3123 | D:4      | 3123 ||| DRINKING 2 glowing pink potions.
  3124 | D:4      | 3124 ||| READING 2 scrolls of identify.
  3124 | D:4      | 3124 ||| IDENTIFYING cyan potion
  3125 | D:4      | 3125 ||| DROPPING scroll of silence.
  3126 | D:4      | 3126 ||| DROPPING potion of magic.
  3127 | D:4      | 3127 ||| DROPPING potion of brilliance.
  3133 | D:5      | Entered Level 5 of the Dungeon
  3247 | D:5      | Reached skill level 7 in Axes
  3285 | D:5      | 3285 ||| Stepping ~*~*~tactically~*~*~ (hiding).
  3288 | D:5      | 3288 ||| Stepping ~*~*~tactically~*~*~ (hiding).
  3338 | D:5      | Found a staircase to the Ecumenical Temple.
  3349 | D:5      | 3349 ||| PLANNING TEMPLE
  3349 | D:5      | 3349 ||| DROPPING amulet of magic regeneration.
  3352 | Temple   | Entered the Ecumenical Temple
  3354 | Temple   | 3354 ||| PLANNING OKAWARU WORSHIP
  3415 | Temple   | Became a worshipper of Warmaster Okawaru
  3416 | Temple   | 3416 ||| PLANNING D:1-11
  3466 | D:5      | Noticed Grinder
  3476 | D:5      | Killed Grinder
  3477 | D:5      | Reached XP level 8. HP: 51/51 MP: 8/8
  3749 | D:5      | 3749 ||| READING scroll of enchant weapon.
  3749 | D:5      | 3749 ||| ENCHANTING +2 vorpal war axe.
  3751 | D:5      | 3751 ||| Stepping ~*~*~tactically~*~*~ (hiding).
  3762 | D:5      | HP: 10/51 [acid (11)]
  3763 | D:5      | 3763 ||| DRINKING 2 potions of heal wounds.
  3765 | D:5      | Reached skill level 1 in Throwing
  3866 | D:5      | Reached skill level 8 in Axes
  3896 | D:5      | Reached * piety under Okawaru
  3906 | D:5      | Noticed a wraith
  3912 | D:5      | 3912 ||| DROPPING ring of wizardry.
  3913 | D:5      | 3913 ||| READING scroll labelled LAYW NEGIDGHI.
  3914 | D:5      | 3914 ||| READING 4 scrolls of identify.
  3914 | D:5      | 3914 ||| IDENTIFYING bubbling cyan potion
  3915 | D:5      | 3915 ||| READING 3 scrolls of identify.
  3915 | D:5      | 3915 ||| IDENTIFYING fuming purple potion
  3916 | D:5      | 3916 ||| READING 2 scrolls of identify.
  3916 | D:5      | 3916 ||| IDENTIFYING fuming dark potion
  3917 | D:5      | 3917 ||| DROPPING potion of berserk rage.
  3918 | D:5      | 3918 ||| READING 4 scrolls of teleportation.
  4038 | D:5      | 4038 ||| READING 3 scrolls of teleportation.
  4091 | D:5      | 4091 ||| READING 2 scrolls of teleportation.
  4136 | D:5      | 4136 ||| READING scroll of teleportation.
  4197 | D:5      | 4197 ||| Stepping randomly (stuck).
  4199 | D:5      | 4199 ||| Stepping randomly (stuck).
  4200 | D:5      | 4200 ||| Stepping randomly (stuck).
  4213 | D:5      | 4213 ||| INVOKING Heroism.
  4243 | D:5      | 4243 ||| INVOKING Heroism.
  4244 | D:5      | 4244 ||| INVOKING Heroism.
  4254 | D:5      | Killed a wraith
  4552 | D:5      | 4552 ||| READING scroll labelled TYKEUMOEMAE.
  4633 | D:6      | Reached skill level 1 in Invocations
  4642 | D:6      | Reached skill level 6 in Fighting
  4666 | D:6      | 4666 ||| SWAPPING to +3 war axe of freezing.
  4667 | D:6      | 4667 ||| DROPPING +3 vorpal war axe.
  4691 | D:6      | Reached skill level 3 in Invocations
  4691 | D:6      | Reached XP level 9. HP: 55/55 MP: 9/11
  4711 | D:6      | Noticed Eustachio
  4712 | D:6      | 4712 ||| INVOKING Heroism.
  4722 | D:6      | Killed Eustachio
  4755 | D:6      | Noticed Blork the orc
  4756 | D:6      | 4756 ||| INVOKING Heroism.
  4762 | D:6      | Killed Blork the orc
  4865 | D:6      | 4865 ||| INVOKING Heroism.
  4874 | D:6      | Reached skill level 9 in Axes
  4983 | D:6      | 4983 ||| DRINKING potion of mutation.
  4983 | D:6      | Lost mutation: You expend magic power (3 MP) to strengthen
                  | your wands. [potion of mutation]
  4983 | D:6      | Lost mutation: You have razor-sharp toenails. [potion of
                  | mutation]
  4983 | D:6      | Gained mutation: Armour fits poorly on your strangely
                  | shaped body. [potion of mutation]
  4983 | D:6      | Gained mutation: You are partially covered in iridescent
                  | scales. (AC +2) [potion of mutation]
  4983 | D:6      | Gained mutation: You are agile. (Dex +4, Str/Int -1)
                  | [potion of mutation]
  4992 | D:6      | 4992 ||| INVOKING Heroism.
  5169 | D:6      | 5169 ||| READING scroll labelled ELITIF HEVUEZXE.
  5239 | D:7      | 5239 ||| Stepping ~*~*~tactically~*~*~ (stealth).
  5249 | D:7      | 5249 ||| INVOKING Heroism.
  5250 | D:7      | 5250 ||| Stepping ~*~*~tactically~*~*~ (hiding).
  5261 | D:7      | Reached ** piety under Okawaru
  5301 | D:7      | 5301 ||| DROPPING +0 flail.
  5356 | D:7      | Killed an unseen horror
  5362 | D:7      | 5362 ||| Stepping ~*~*~tactically~*~*~ (hiding).
  5363 | D:7      | 5363 ||| Stepping ~*~*~tactically~*~*~ (hiding).
  5364 | D:7      | 5364 ||| Stepping ~*~*~tactically~*~*~ (hiding).
  5365 | D:7      | 5365 ||| Stepping ~*~*~tactically~*~*~ (hiding).
  5366 | D:7      | 5366 ||| Stepping ~*~*~tactically~*~*~ (hiding).
  5367 | D:7      | 5367 ||| Stepping ~*~*~tactically~*~*~ (hiding).
  5556 | D:7      | 5556 ||| INVOKING Heroism.
  5606 | D:7      | Found a basalt altar of Yredelemnul.
  5713 | D:7      | 5713 ||| DRINKING 2 bubbling puce potions.
  5844 | D:8      | 5844 ||| Stepping ~*~*~tactically~*~*~ (stealth).
  5846 | D:8      | 5846 ||| Stepping ~*~*~tactically~*~*~ (hiding).
  5847 | D:8      | 5847 ||| INVOKING Heroism.
  5899 | D:8      | 5899 ||| Stepping ~*~*~tactically~*~*~ (hiding).
  5904 | D:8      | 5904 ||| INVOKING Heroism.
  5916 | D:8      | Reached XP level 10. HP: 63/63 MP: 11/13
  6111 | D:8      | Reached skill level 10 in Axes
  6137 | D:8      | 6137 ||| Stepping ~*~*~tactically~*~*~ (stealth).
  6138 | D:8      | 6138 ||| Stepping ~*~*~tactically~*~*~ (stealth).
  6140 | D:8      | 6140 ||| INVOKING Heroism.
  6265 | D:8      | 6265 ||| INVOKING Heroism.
  6266 | D:8      | 6266 ||| Stepping ~*~*~tactically~*~*~ (stealth).
  6381 | D:8      | 6381 ||| DROPPING amulet of guardian spirit.
  6382 | D:8      | 6382 ||| UPGRADING to +6 ring of dexterity.
  6458 | D:9      | 6458 ||| Stepping ~*~*~tactically~*~*~ (hiding).
  6461 | D:9      | 6461 ||| Stepping ~*~*~tactically~*~*~ (hiding).
  6462 | D:9      | 6462 ||| Stepping ~*~*~tactically~*~*~ (hiding).
  6465 | D:9      | 6465 ||| INVOKING Heroism.
  6504 | D:9      | Found a broken altar of Ashenzari.
  6578 | D:9      | Reached skill level 3 in Dodging
  6593 | D:9      | 6593 ||| INVOKING Heroism.
  6661 | D:9      | Noticed Harold
  6662 | D:9      | 6662 ||| Stepping ~*~*~tactically~*~*~ (hiding).
  6666 | D:9      | 6666 ||| INVOKING Heroism.
  6677 | D:9      | HP: 15/64 [Harold/+0 short sword (13)]
  6678 | D:9      | 6678 ||| DRINKING 4 potions of heal wounds.
  6682 | D:9      | HP: 12/64 [Harold/+0 short sword (7)]
  6683 | D:9      | 6683 ||| DRINKING 3 potions of heal wounds.
  6686 | D:9      | 6686 ||| INVOKING Heroism.
  6686 | D:9      | HP: 5/64 [Harold/+0 short sword (20)]
  6687 | D:9      | 6687 ||| DRINKING 2 potions of heal wounds.
  6688 | D:9      | 6688 ||| DRINKING potion of heal wounds.
  6691 | D:9      | HP: 14/64 [yak (18)]
  6697 | D:9      | HP: 8/64 [gnoll/+0 whip[a gnoll sergeant] (7)]
  6697 | D:9      | HP: 1/64 [yak (7)]
  6701 | D:9      | Demolished by Harold

Levels and vault maps discovered:
D:1:      kennysheep_arrival_seaside, layout_basic, serial_shops, shop
D:2:      layout_rooms, serial_corexii_hall, corexii_hall_statues_t,
          corexii_hall_statues_i, corexii_hall_statues_x, corexii_hall_statues_l
D:3:      layout_loops_ring, chequers_ecumenical_altar_lobes, minmay_circle_x,
          uniq_pargi
D:4:      layout_basic, lemuel_tele_altar, nicolae_tso_carved_into_rock,
          lemuel_crystal_altar, minmay_door_square, grunt_ministairs_2
D:5:      minmay_chambers_of_fours, layout_loops_corners,
          minmay_temple_entry_grid, chequers_big_river, serial_bayou_pond_d,
          grunt_decor_cap, uniq_grinder
D:6:      layout_basic, minmay_gold_behind_fungi, uniq_eustachio,
          uniq_blork_the_orc
D:7:      layout_rooms, yredelemnul_altar_generic
D:8:      layout_basic, hangedman_decor_slide_cut
D:9:      layout_small_grid, grunt_temple_overflow_magic_moments,
          nicolae_ashenzari_panopticon, uniq_harold
Temple:   eino_temple_lava

Skill      XL: |  1  2  3  4  5  6  7  8  9 10 |
---------------+-------------------------------+-----
Axes           | 2 3 5 6 7 8 9 10 | 10.0
Fighting       | 4 5 6 7 8 |  8.1
Dodging        | 1 2 3 |  3.2
Throwing       | 1 |  1.3
Armour         | 5 |  5.0
Invocations    | 3 4 |  4.1
Shields        | 4 |  4.4

Action                   |  1- 3 |  4- 6 |  7- 9 | 10-12 || total
-------------------------+-------+-------+-------+-------++-------
Melee: War axe           |    97 |   115 |   222 |    60 ||   494
       Kick              |     1 |    17 |    51 |    17 ||    86
       Unarmed           |       |       |       |    26 ||    26
Throw: Boomerang         |       |    17 |    84 |     9 ||   110
Invok: Heroism           |       |       |    10 |     6 ||    16
  Use: Scroll            |     8 |     5 |    14 |       ||    27
       Potion            |     4 |     2 |     5 |     4 ||    15
Armor: Scale mail        |    30 |       |       |       ||    30
       Chain mail        |    23 |   101 |   133 |    23 ||   280
Dodge: Dodged            |    52 |    40 |    62 |    47 ||   201
Block: Buckler           |    20 |    39 |    40 |    14 ||   113

Table legend:
 A = Non-vault XP
 B = Vault XP
 C = Vault XP percentage of total XP
 D = Non-vault monster count
 E = Vault monster count
 F = Vault count percentage of total count
                 A         B        C        D         E       F
            +---------+---------+-------+---------+---------+-------
      Total |    5036 |    1059 |  17.4 |     192 |      16 |   7.7
            +---------+---------+-------+---------+---------+-------
        D:1 |      41 |       0 |   0.0 |      25 |       0 |   0.0
        D:2 |      78 |       0 |   0.0 |      16 |       0 |   0.0
        D:3 |     216 |     145 |  40.2 |      22 |       5 |  18.5
        D:4 |     360 |       6 |   1.6 |      27 |       2 |   6.9
        D:5 |     598 |     615 |  50.7 |      29 |       7 |  19.4
        D:6 |     995 |     293 |  22.7 |      18 |       2 |  10.0
        D:7 |    1091 |       0 |   0.0 |      19 |       0 |   0.0
        D:8 |     801 |       0 |   0.0 |      22 |       0 |   0.0
        D:9 |     856 |       0 |   0.0 |      14 |       0 |   0.0
            +---------+---------+-------+---------+---------+-------
